BLB
MAINE GUIDES @ PITTSBURGH MILLERS
06/03/2064
 
TOP OF THE 1ST
Maine Guides batting - Pitching for Pittsburgh Millers : LHP Joel Greer
Pitching: LHP Joel Greer
Batting: RHB Jarrett Shaneyfelt 0-0: Ball
1-0: Ball
2-0: SINGLE (Line Drive, 89S, EV 96.3 MPH)
Batting: RHB Max Johnson 0-0: Bunted foul
0-1: Sac Bunt to 15S - play at first, batter OUT! 1-3
Jarrett Shaneyfelt to second
Batting: RHB Blake Simmons 0-0: Ball
Jarrett Shaneyfelt steals 3rd base
1-0: Ball
2-0: Called Strike
2-1: Foul Ball, location: 25FF
2-2: Strikes out swinging
Batting: RHB Nathan Bennett 0-0: Swinging Strike
0-1: Ball
1-1: Ball
Wild Pitch!
Jarrett Shaneyfelt scores
2-1: Ground out 5-3 (Groundball, 5, EV 89.4 MPH)
Top of the 1st over - 1 run, 1 hit, 0 errors, 0 left on base; Maine 1 - Pittsburgh 0
BOTTOM OF THE 1ST
Pittsburgh Millers batting - Pitching for Maine Guides : LHP Hayden Watkins
Pitching: LHP Hayden Watkins
Batting: RHB Isaac Pack 0-0: Called Strike
0-1: Fly out, F6 (Line Drive, 6, EV 106.9 MPH)
Batting: RHB Jeremy Henn 0-0: Ball
1-0: SINGLE (Line Drive, 56D, EV 105.6 MPH)
Batting: LHB Griffin Camacho 0-0: Ball
1-0: Called Strike
1-1: Foul Ball, location: 2F
1-2: Ball
2-2: SINGLE (Groundball, 6MD, EV 101.3 MPH)
Jeremy Henn to second
Batting: RHB LaMark Canete 0-0: Called Strike
0-1: Ball
1-1: Foul Ball, location: 25F
1-2: Grounds into double play, 5-4-3 (Groundball, 6S, EV 84.4 MPH)
Bottom of the 1st over - 0 runs, 2 hits, 0 errors, 1 left on base; Maine 1 - Pittsburgh 0
TOP OF THE 2ND
Maine Guides batting - Pitching for Pittsburgh Millers : LHP Joel Greer
Batting: SHB Desmond Moynihan 0-0: Ball
1-0: Ball
2-0: Ball
3-0: Called Strike
3-1: Ground out 4-3 (Groundball, 34D, EV 109.4 MPH)
Batting: RHB Derek Engledow 0-0: Called Strike
0-1: DOUBLE (Flyball, 78XD, EV 109.4 MPH)
Batting: RHB Derek Rosado 0-0: Swinging Strike
0-1: Ball
1-1: Foul Ball, location: 2F
1-2: Strikes out swinging
Batting: RHB Jarrett Vazquez 0-0: Called Strike
0-1: Ball
1-1: Called Strike
1-2: Strikes out swinging
Top of the 2nd over - 0 runs, 1 hit, 0 errors, 1 left on base; Maine 1 - Pittsburgh 0
BOTTOM OF THE 2ND
Pittsburgh Millers batting - Pitching for Maine Guides : LHP Hayden Watkins
Batting: RHB Reilly Wren 0-0: Foul Ball, location: 5F
0-1: Ball
1-1: Fly out, F8 (Line Drive, 8LM, EV 91.9 MPH)
Batting: LHB Byron Carlton 0-0: Called Strike
0-1: Swinging Strike
0-2: Ball
1-2: Strikes out swinging
Batting: LHB Chase Chamberlain 0-0: Swinging Strike
0-1: Called Strike
0-2: Ball
1-2: Strikes out swinging
Bottom of the 2nd over - 0 runs, 0 hits, 0 errors, 0 left on base; Maine 1 - Pittsburgh 0
TOP OF THE 3RD
Maine Guides batting - Pitching for Pittsburgh Millers : LHP Joel Greer
Batting: RHB Jayson Hart 0-0: Ball
1-0: Ground out 5-3 (Groundball, 5, EV 83.8 MPH)
Batting: RHB Jarrett Shaneyfelt 0-0: Ball
1-0: Ball
2-0: Called Strike
2-1: Swinging Strike
2-2: Foul Ball, location: 9LSF
2-2: Ball
3-2: Base on Balls
Batting: RHB Max Johnson 0-0: Called Strike
0-1: Foul Ball, location: 2F
0-2: Ball
1-2: Foul Ball, location: 2F
1-2: Foul Ball, location: 2LF
1-2: Grounds into double play, 5-4-3 (Groundball, 5, EV 90.0 MPH)
Top of the 3rd over - 0 runs, 0 hits, 0 errors, 0 left on base; Maine 1 - Pittsburgh 0
BOTTOM OF THE 3RD
Pittsburgh Millers batting - Pitching for Maine Guides : LHP Hayden Watkins
Batting: RHB Sebastian Robinson 0-0: Bunted foul
0-1: Called Strike
0-2: Strikes out looking
Batting: RHB Nyles Quinones 0-0: Swinging Strike
0-1: Swinging Strike
0-2: SINGLE (Line Drive, 56D, EV 100.0 MPH)
Batting: RHB Isaac Pack 0-0: Foul Ball, location: 3F
0-1: Called Strike
0-2: Ball
1-2: Ball
2-2: Ball
3-2: DOUBLE (Line Drive, 9LM, EV 104.4 MPH)
Nyles Quinones to third
Batting: RHB Jeremy Henn 0-0: Called Strike
0-1: Called Strike
0-2: Ball
1-2: Fly out, F4 (Line Drive, 4M, EV 85.6 MPH)
Lined into DP, U4 (Line Drive, 4M, EV 85.6 MPH)
Bottom of the 3rd over - 0 runs, 2 hits, 0 errors, 1 left on base; Maine 1 - Pittsburgh 0
TOP OF THE 4TH
Maine Guides batting - Pitching for Pittsburgh Millers : LHP Joel Greer
Batting: RHB Blake Simmons 0-0: Ball
1-0: Foul Ball, location: 9LSF
1-1: Fly out, F8 (Flyball, 8RD, EV 101.3 MPH)
Batting: RHB Nathan Bennett 0-0: Ground out 5-3 (Groundball, 56, EV 104.4 MPH)
Batting: SHB Desmond Moynihan 0-0: Foul Ball, location: 3F
0-1: Ball
1-1: Swinging Strike
1-2: Ball
2-2: Strikes out swinging
Top of the 4th over - 0 runs, 0 hits, 0 errors, 0 left on base; Maine 1 - Pittsburgh 0
BOTTOM OF THE 4TH
Pittsburgh Millers batting - Pitching for Maine Guides : LHP Hayden Watkins
Batting: LHB Griffin Camacho 0-0: Ball
1-0: Foul Ball, location: 2F
1-1: Called Strike
1-2: Strikes out swinging
Batting: RHB LaMark Canete 0-0: Ground out 1-3 (Groundball, 13S, EV 75.0 MPH)
Batting: RHB Reilly Wren 0-0: Ball
1-0: Ball
2-0: Fly out, F9 (Line Drive, 9S, EV 95.6 MPH)
Bottom of the 4th over - 0 runs, 0 hits, 0 errors, 0 left on base; Maine 1 - Pittsburgh 0
TOP OF THE 5TH
Maine Guides batting - Pitching for Pittsburgh Millers : LHP Joel Greer
Batting: RHB Derek Engledow 0-0: Fly out, F7 (Line Drive, 7, EV 89.4 MPH)
Batting: RHB Derek Rosado 0-0: Ball
1-0: Ground out 5-3 (Groundball, 56S, EV 72.5 MPH)
Batting: RHB Jarrett Vazquez 0-0: Called Strike
0-1: Called Strike
0-2: Ball
1-2: Ball
2-2: Foul Ball, location: 2F
2-2: Foul Ball, location: 9LDF
2-2: Ground out 4-3 (Groundball, 4, EV 78.1 MPH)
Top of the 5th over - 0 runs, 0 hits, 0 errors, 0 left on base; Maine 1 - Pittsburgh 0
BOTTOM OF THE 5TH
Pittsburgh Millers batting - Pitching for Maine Guides : LHP Hayden Watkins
Batting: LHB Byron Carlton 0-0: Ground out U3 (Groundball, 34, EV 86.3 MPH)
Batting: LHB Chase Chamberlain 0-0: Ball
1-0: Ground out U3 (Groundball, 34, EV 76.9 MPH)
Batting: RHB Sebastian Robinson 0-0: Fly out, F9 (Flyball, 89S, EV 91.9 MPH)
Bottom of the 5th over - 0 runs, 0 hits, 0 errors, 0 left on base; Maine 1 - Pittsburgh 0
TOP OF THE 6TH
Maine Guides batting - Pitching for Pittsburgh Millers : LHP Joel Greer
Batting: RHB Jayson Hart 0-0: SINGLE (Flyball, 4D, EV 89.4 MPH)
Batting: RHB Jarrett Shaneyfelt 0-0: Ball
1-0: Swinging Strike
1-1: Swinging Strike
1-2: Foul Ball, location: 3F
1-2: Ball
2-2: Ball
3-2: Strikes out swinging
Batting: RHB Max Johnson 0-0: Ball
Pickoff Throw to First - Out! 1-3 CS
1-0: Ball
2-0: Called Strike
2-1: Foul Ball, location: 9LMF
2-2: Strikes out looking
Top of the 6th over - 0 runs, 1 hit, 0 errors, 0 left on base; Maine 1 - Pittsburgh 0
BOTTOM OF THE 6TH
Pittsburgh Millers batting - Pitching for Maine Guides : LHP Hayden Watkins
Batting: RHB Nyles Quinones 0-0: Fly out, F8 (Line Drive, 8LS, EV 90.0 MPH)
Batting: RHB Isaac Pack 0-0: Foul Ball, location: 2F
0-1: Ball
1-1: Fly out, F6 (Flyball, 56D, EV 87.5 MPH)
Batting: RHB Jeremy Henn 0-0: Swinging Strike
0-1: Ball
1-1: Foul Ball, location: 23F
1-2: Strikes out swinging
Bottom of the 6th over - 0 runs, 0 hits, 0 errors, 0 left on base; Maine 1 - Pittsburgh 0
TOP OF THE 7TH
Maine Guides batting - Pitching for Pittsburgh Millers : LHP Joel Greer
Batting: RHB Blake Simmons 0-0: Ball
1-0: Swinging Strike
1-1: Ball
2-1: Swinging Strike
2-2: Foul Ball, location: 9LSF
2-2: Strikes out looking
Batting: RHB Nathan Bennett 0-0: Ground out 6-3 (Groundball, 56, EV 90.6 MPH)
Batting: SHB Desmond Moynihan 0-0: Ball
1-0: Ball
2-0: Ball
3-0: Called Strike
3-1: Foul Ball, location: 2F
3-2: SINGLE (Groundball, 23, EV 73.8 MPH) (infield hit)
Batting: RHB Derek Engledow 0-0: Ball
1-0: Ball
2-0: Ground out U3 (Groundball, 34S, EV 91.9 MPH)
Top of the 7th over - 0 runs, 1 hit, 0 errors, 1 left on base; Maine 1 - Pittsburgh 0
BOTTOM OF THE 7TH
Pittsburgh Millers batting - Pitching for Maine Guides : LHP Hayden Watkins
Batting: LHB Griffin Camacho 0-0: Ball
1-0: Called Strike
1-1: Ball
2-1: Called Strike
2-2: Fly out, F9 (Flyball, 9D, EV 101.3 MPH)
Batting: RHB LaMark Canete 0-0: Ball
1-0: Called Strike
1-1: Foul Ball, location: 2F
1-2: Strikes out swinging
Batting: RHB Reilly Wren 0-0: Ball
1-0: Foul Ball, location: 25F
1-1: Ball
2-1: Ground out 4-3 (Groundball, 4, EV 88.1 MPH)
Bottom of the 7th over - 0 runs, 0 hits, 0 errors, 0 left on base; Maine 1 - Pittsburgh 0
TOP OF THE 8TH
Maine Guides batting - Pitching for Pittsburgh Millers : LHP Joel Greer
Pitching: LHP Phil Cole
Batting: RHB Derek Rosado 0-0: Called Strike
0-1: Ground out 4-3 (Groundball, 4MD, EV 110.6 MPH)
Batting: RHB Jarrett Vazquez 0-0: Ball
1-0: Fly out, F5 (Popup, 56, EV 63.8 MPH)
Batting: RHB Jayson Hart 0-0: Swinging Strike
0-1: Foul Ball, location: 5FF
0-2: DOUBLE (Flyball, 8RXD, EV 110.6 MPH)
Batting: RHB Jarrett Shaneyfelt 0-0: Ground out 5-3 (Groundball, 56, EV 90.0 MPH)
Top of the 8th over - 0 runs, 1 hit, 0 errors, 1 left on base; Maine 1 - Pittsburgh 0
BOTTOM OF THE 8TH
Pittsburgh Millers batting - Pitching for Maine Guides : LHP Hayden Watkins
Batting: LHB Byron Carlton 0-0: Ball
1-0: Swinging Strike
1-1: Swinging Strike
1-2: Ball
2-2: Foul Ball, location: 2F
2-2: Strikes out swinging
Pinch Hitting: RHB Allan Jett 0-0: Called Strike
0-1: Ball
1-1: Ground out 1-3 (Groundball, 13S, EV 67.5 MPH)
Batting: RHB Sebastian Robinson 0-0: Foul Ball, location: 2F
0-1: Ball
1-1: Fly out, F9 (Line Drive, 9, EV 109.4 MPH)
Bottom of the 8th over - 0 runs, 0 hits, 0 errors, 0 left on base; Maine 1 - Pittsburgh 0
TOP OF THE 9TH
Maine Guides batting - Pitching for Pittsburgh Millers : LHP Phil Cole
Now at 2B: Allan Jett
Batting: RHB Max Johnson 0-0: Fly out, F7 (Flyball, 7S, EV 91.3 MPH)
Batting: RHB Blake Simmons 0-0: Ball
1-0: Called Strike
1-1: Fly out, F9 (Flyball, 9S, EV 88.8 MPH)
Batting: RHB Nathan Bennett 0-0: Ball
1-0: Ball
2-0: DOUBLE (Flyball, 78XD, EV 108.1 MPH)
Batting: SHB Desmond Moynihan 0-0: Ball
1-0: SINGLE (Groundball, 6, EV 95.0 MPH) (infield hit)
Nathan Bennett to third
Batting: RHB Derek Engledow 0-0: Called Strike
0-1: Ball
1-1: SINGLE (Groundball, 4MD, EV 104.4 MPH)
Nathan Bennett scores
Desmond Moynihan to second
Runner from 2nd tries for 3rd, SAFE, throw by CF made to third
Derek Engledow to second
Batting: RHB Derek Rosado 0-0: Called Strike
0-1: Ball
1-1: Called Strike
1-2: Ball
2-2: Ball
3-2: Fly out, F3 (Popup, 3D, EV 61.3 MPH)
Top of the 9th over - 1 run, 3 hits, 0 errors, 2 left on base; Maine 2 - Pittsburgh 0
BOTTOM OF THE 9TH
Pittsburgh Millers batting - Pitching for Maine Guides : LHP Hayden Watkins
Pitching: LHP Kingston Fry
Now in CF: Kris McKay
Now in RF: Jarrett Vazquez
Batting: RHB Nyles Quinones 0-0: Ball
1-0: Ball
2-0: Foul Ball, location: 2F
2-1: SINGLE (Line Drive, 78M, EV 91.9 MPH)
Batting: RHB Isaac Pack 0-0: Called Strike
0-1: SINGLE (Line Drive, 78S, EV 97.5 MPH)
Nyles Quinones to second
Batting: RHB Jeremy Henn 0-0: Called Strike
0-1: Swinging Strike
0-2: Grounds into double play, 5-4-3 (Groundball, 5, EV 105.0 MPH)
Nyles Quinones to third
Batting: LHB Griffin Camacho 0-0: Ground out 6-3 (Groundball, 6, EV 104.4 MPH)
Bottom of the 9th over - 0 runs, 2 hits, 0 errors, 1 left on base; Maine 2 - Pittsburgh 0
Sunday, January 19th , 2025 - OOTP Baseball 25.11 Build 101